 Dungeon Crawl Stone Soup version 0.30-a0-122-g2a1322497e (webtiles) character file.

Game seed: 8956477409242559867

23637 ragingrage the Brawler (level 12, -2/95 HPs)
             Began as a Demonspawn Wanderer on Sept 15, 2022.
             Was a High Priest of Jiyva.
             Killed from afar by a tengu reaver (91 damage)
             ... with a bolt of fire
             ... on level 12 of the Dungeon.
             The game lasted 00:15:18 (12434 turns).

ragingrage the Brawler (Demonspawn Wanderer)       Turns: 12434, Time: 00:15:19

Health: -2/95      AC:  4    Str: 21    XL:     12   Next: 73%
Magic:  13/13      EV: 26    Int: 13    God:    Jiyva [*****.]
Gold:   754        SH:  0    Dex: 14    Spells: 5/13 levels left

rFire   x . .      SeeInvis +      - Unarmed
rCold   + + +      Faith    .    (shield currently unavailable)
rNeg    . . .      Spirit   .    L - +0 acid dragon scales
rPois   +          Reflect  .    z - +0 helmet
rElec   +          Harm     .    (no cloak)
rCorr   +          Rampage  .    (gloves currently unavailable)
Will    .....                    (boots unavailable)
Stlth   +.........               K - amulet of the acrobat
HPRegen 1.69/turn                y - ring "Cukhleol" {rPois SInv}
MPRegen 0.58/turn                l - ring of Wishful Thinking {Ice rElec Str+6 Int-2 SInv}

@: blade hands, wereblooded, corroded, acrobatic
A: hooves 3, powered by pain 1, spiny 1, weakness stinger 1, demonic touch 2,
cold resistance 3, engulf
a: End Transformation, Renounce Religion, Oozemancy, Slimify


You were on level 12 of the Dungeon.
You worshipped Jiyva.
Jiyva was extremely pleased with you.
You had blades for hands.
You visited 2 branches of the dungeon, and saw 13 of its levels.

You collected 879 gold pieces.
You spent 125 gold pieces at shops.

Inventory:

Hand Weapons
 g - a +3 scimitar of flaming
 x - the +8 quarterstaff "Reozy" {vorpal, Will+ Str+4 SInv}
   (You found it on level 3 of the Dungeon)

   It inflicts extra damage upon your enemies.
   Str:       It affects your strength (+4).
   SInv:      It lets you see invisible.
   Will:      It increases your willpower.
Missiles
 c - 4 curare-tipped darts
 k - 2 boomerangs
 D - 26 poisoned darts (quivered)
Armour
 d - a +0 pair of gloves (melded)
 z - a +0 helmet (worn)
 C - a +0 ring mail
 L - +0 acid dragon scales (worn)
 R - a +0 troll leather armour
Jewellery
 l - the ring of Wishful Thinking (right blade hand) {Ice rElec Str+6 Int-2 SInv}
   (You acquired it on level 9 of the Dungeon)

   [ring of ice]

   It enhances your ice magic.
   Str:       It affects your strength (+6).
   Int:       It affects your intelligence (-2).
   rF:        It makes you vulnerable to fire.
   rC:        It protects you from cold.
   rElec:     It insulates you from electricity.
   SInv:      It lets you see invisible.
 n - a ring of flight
 y - the ring "Cukhleol" (left blade hand) {rPois SInv}
   (You found it on level 4 of the Dungeon)

   [ring of poison resistance]

   rPois:     It protects you from poison.
   SInv:      It lets you see invisible.
 H - a ring of magical power
 K - an amulet of the acrobat (around neck)
 O - a ring of positive energy
Wands
 u - a wand of light (5)
 F - a wand of paralysis (6)
 M - a wand of polymorph (5)
 N - a wand of mindburst (6)
 Q - a wand of flame (9)
Scrolls
 a - a scroll of poison
 b - 3 scrolls of butterflies
 f - a scroll of teleportation
 i - 2 scrolls of fear {unknown}
 m - 2 scrolls of blinking
 r - 12 scrolls of identify
 t - 3 scrolls of vulnerability
 G - 2 scrolls of enchant weapon
 I - 2 scrolls of amnesia {unknown}
 J - 3 scrolls of immolation
 P - a scroll of enchant armour {unknown}
Potions
 e - a potion of flight {unknown}
 h - 2 potions of invisibility
 j - 4 potions of lignification
 o - a potion of magic {unknown}
 p - a potion of brilliance
 q - 5 potions of curing
 s - 8 potions of ambrosia
 v - a potion of berserk rage {unknown}
 w - 3 potions of attraction
 A - a potion of mutation {unknown}
 B - a potion of might {unknown}
 E - 3 potions of heal wounds


   Skills:
 + Level 9.3 Fighting
 - Level 5.0 Armour
 - Level 1.0 Dodging
 - Level 1.0 Stealth
 * Level 15.1 Unarmed Combat
 - Level 1.0 Spellcasting
 - Level 1.0 Conjurations
 - Level 9.0 Transmutations
 - Level 1.0 Evocations


You had 5 spell levels left.
You knew the following spells:

 Your Spells              Type           Power      Damage    Failure   Level
a - Wereblood             Tmut           24%        N/A       17%         2
b - Blade Hands           Tmut           12%        N/A       67%         5
c - Sting                 Tmut/Pois      48%        1d5       34%         1

Your spell library contained the following spells:

 Spells                   Type           Power      Damage    Failure   Level
 Foxfire                  Conj/Fire      4%         2x1d4     71%         1
 Shock                    Conj/Air       4%         1d3       71%         1
 Ignite Poison            Fire/Tmut/Pois 8%         N/A       73%         3
 Summon Small Mammal      Summ           0%         N/A       77%         1
 Cigotuvi's Dreadful Rot  Necr/Pois/Air  0%         N/A       86%         2
 Dazzling Flash           Conj/Hex       2%         N/A       94%         3
 Call Canine Familiar     Summ           0%         N/A       96%         3
 Kindle Blastsparks       Fire/Tloc/Air  0%         2d10      96%         3
 Ozocubu's Armour         Ice            0%         N/A       96%         3
 Portal Projectile        Hex/Tloc       0%         N/A       96%         3
 Summon Guardian Golem    Hex/Summ       0%         N/A       96%         3
 Swiftness                Air            0%         N/A       96%         3
 Tukima's Dance           Hex            0%         N/A       96%         3
 Irradiate                Conj/Tmut      6%         3d13      97%         5
 Airstrike                Air            0%         2d(0-16)  100%        4
 Dispel Undead            Necr           0%         3d6       100%        4
 Fulminant Prism          Conj/Hex       0%         3d6       100%        4
 Iskenderun's Mystic Bla  Conj/Tloc      1%         2d3       100%        4
 Fireball                 Conj/Fire      0%         3d3       100%        5
 Lee's Rapid Deconstruct  Erth           0%         3d5*      100%        5
 Death Channel            Necr           0%         N/A       100%        6
 Starburst                Conj/Fire      0%         6d3       100%        6
 Dragon Form              Tmut           12%        N/A       100%        7
 Ozocubu's Refrigeration  Ice            0%         4d7       100%        7
 Ignition                 Fire           0%         3d3       100%        8


Dungeon Overview and Level Annotations

Branches:
Dungeon (12/15)            Temple (1/1) D:6            Lair (0/5) D:8
    Orc (0/2) D:10

Altars:
Ashenzari
Cheibriados
Dithmenos
Fedhas
Gozag
Hepliaklqana
Kikubaaqudgha
Makhleb
Nemelex Xobeh
Okawaru
Qazlal
Ru
Sif Muna
Trog
Uskayaw
Vehumet
Wu Jian
Xom
Yredelemnul
Jiyva

Shops:
D:9 *

Annotations:
D:3 exclusion: downstairs
D:10 2 runed translucent doors


Innate Abilities, Weirdness & Mutations

You have blades for hands.
Your spellcasting is less reliable in this form.
You are incapable of wielding weapons or throwing items.
You have hooves in place of feet.
You sometimes gain a little power by taking damage.
You are partially covered in sharp spines.
You have a small tail.
Your touch may inflict irresistible damage on your foes.
Your flesh is almost immune to the effects of cold. (rC+++)
Your melee attacks may engulf your foes in ooze.


Message History

The komodo dragon hisses angrily.
The acid dragon spits acid at you. The splash of acid hits you! You resist.
The acid corrodes you!
You hear a horrible gurgling sound!
You hear a shout!
You hear an angry hiss.
Casting: Blade Hands (dangerous; 24% risk of failure)
Confirm with . or Enter, or press ? or * to list all spells.
Your blood is infused with primal strength.
Casting: Wereblood (safe; 1% risk of failure)
Confirm with . or Enter, or press ? or * to list all spells.
Your hands turn into razor-sharp scythe blades.
Your +0 pair of gloves melds into your body.
You slice the acid dragon!!
You feel a bit better.
You kill the acid dragon!
You barely miss the troll. You kick the troll. You tail-slap the troll!
The troll is heavily wounded.
The troll is struck by your spines. The troll barely misses you.
The troll closely misses you. The troll claws you!
You slice the troll!!
You feel a bit better.
You kill the troll!
The troll leather armour is intact enough to wear.
You slice the komodo dragon!! Your slash misses the komodo dragon.
The komodo dragon is severely wounded.
The komodo dragon bites you.
You slice the komodo dragon!!
You feel a bit better.
You kill the komodo dragon!
You feel a little less mighty now.
Items here: [ †††.
You howl as the wereblood boils in your veins!
Items here: [ †††.
R - a +0 troll leather armour A tengu reaver comes into view.
It is wielding a +0 battleaxe.
Okay, then.
A troll comes into view.
The troll shouts!
The tengu reaver casts a spell at you. The bolt of poison hits you! You resist.
The tengu reaver points at you and mumbles some strange words.
The bolt of fire hits you!!!! The fire burns you terribly!
Ouch! That really hurt!
You die...

#......# ♣...♣#......###### ...
#...#........ ... #.#.#<.......
♣.♣ #.#.#.....[.. ###
###T###.#.#........ ♣♣♣♣.♣♣♣♣♣
#.♣Q♣.#.#.#^.......
.........♣♣♣#..♣..#.#.#####.###
........J...†...@.#.#.# .#
.........♣♣♣♣..♣..#†#.##### #
♣♣♣♣.♣♣♣♣♣ ♣.♣.♣.#†#......
###...#############.#......
....................#......
.###.#############.(.......
..........# #.........
#########.###### #.........
#......# #...(.....


You could see a tengu reaver and a troll.

Vanquished Creatures
  Erica (D:8)
  2 two-headed ogres (D:9)
  2 spectral boulder beetles (D:10)
  2 cyclopes (D:12)
  A spectral centaur (D:10)
  2 centaur zombies (D:10)
  A komodo dragon (D:12)
  A kobold demonologist (D:10)
  A queen bee (D:10)
  2 trolls
  A hornet (D:8)
  A spectral black mamba (D:10)
  2 vampires
  11 flying skulls (D:10)
  4 shadows
  5 wraiths (D:10)
  2 steam dragons (D:8)
  A basilisk (D:10)
  41 yaks
  8 vampire mosquitoes (D:10)
  6 wargs (D:10)
  5 acid dragons
  3 water moccasins
  2 orc warriors
  A sky beast (D:5)
  2 ice beasts
  4 black bears
  3 boulder beetle simulacra (D:10)
  2 ogres (D:4)
  4 centaurs
  2 phantoms (D:6)
  4 kobold brigands
  A necrophage (D:6)
  7 bullfrogs
  A water moccasin skeleton (D:6)
  42 killer bees
  2 howler monkeys (D:9)
  A quasit (D:8)
  2 bullfrog zombies (D:6)
  4 centaur skeletons
  A gnoll bouda (D:5)
  3 orc priests
  A hell rat (D:10)
  10 iguanas
  4 orc wizards
  A killer bee zombie (D:6)
  Robin (D:4)
  8 gnolls
  7 adders
  3 shadow imps (D:8)
  7 white imps
  6 ufetubi
  5 worms
  26 orcs
  4 ball pythons
  A bat (D:1)
  10 endoplasms
  4 giant cockroaches
  16 goblins
  6 hobgoblins
  18 kobolds
  2 quokkas (D:4)
  2 frilled lizards
  7 rats
342 creatures vanquished.

Vanquished Creatures (others)
  2 slime creatures (D:12)
  2 vampire mosquitoes (D:12)
  A black bear (D:8)
  A howler monkey (D:9)
  19 jellies
  An orc wizard (D:8)
  2 hell rats (D:10)
  5 demonic plants (D:8)
  A withered plant (D:6)
34 creatures vanquished.

Grand Total: 376 creatures vanquished

Notes
Turn   | Place    | Note
-------+----------+-------------------------------------------
     0 | D:1      | ragingrage the Demonspawn Wanderer began the quest for the
                  | Orb.
     0 | D:1      | ragingrage set off with the following items: a +0 dagger, a
                  | scroll of butterflies, a +0 robe, a +0 pair of gloves; and
                  | the following spells available to memorise: Wereblood,
                  | Sting, Foxfire, Ignite Poison, Dazzling Flash.
     0 | D:1      | Reached XP level 1. HP: 15/15 MP: 2/2
     2 | D:1      | Learned a level 1 spell: Sting
   767 | D:1      | Discovered your monstrous ancestry.
   767 | D:1      | Gained mutation: Your touch may inflict minor irresistible
                  | damage on your foes. [demonic ancestry]
   767 | D:1      | Reached XP level 2. HP: 22/22 MP: 1/3
  1206 | D:2      | Learned a level 2 spell: Wereblood
  1421 | D:1      | Reached skill level 1 in Unarmed Combat
  1701 | D:2      | Reached XP level 3. HP: 27/27 MP: 4/4
  2049 | D:2      | Found a faded altar of an unknown god.
  2292 | D:3      | Reached skill level 2 in Unarmed Combat
  2808 | D:3      | Identified the +8 quarterstaff "Reozy" {vorpal, Will+ Str+4
                  | SInv}
  2964 | D:4      | Noticed Robin
  3205 | D:4      | Reached skill level 3 in Unarmed Combat
  3205 | D:4      | Gained mutation: You sometimes gain a little power by
                  | taking damage. [demonic ancestry]
  3205 | D:4      | Reached XP level 4. HP: 33/33 MP: 5/5
  3228 | D:4      | Identified the ring "Cukhleol" {rPois SInv}
  3279 | D:4      | Noticed an ogre
  3285 | D:4      | Killed an ogre
  3286 | D:4      | Reached skill level 4 in Unarmed Combat
  3286 | D:4      | Gained mutation: Your touch may inflict irresistible damage
                  | on your foes. [demonic ancestry]
  3286 | D:4      | Reached XP level 5. HP: 16/38 MP: 6/6
  3376 | D:4      | Killed Robin
  4092 | D:4      | Reached skill level 5 in Unarmed Combat
  4259 | D:4      | Reached XP level 6. HP: 43/44 MP: 7/7
  4655 | D:4      | Found a bloodstained altar of Trog.
  4664 | D:4      | Reached skill level 6 in Unarmed Combat
  4664 | D:4      | Gained mutation: You have large cloven feet. [demonic
                  | ancestry]
  4664 | D:4      | Reached XP level 7. HP: 28/50 MP: 8/8
  4927 | D:4      | Identified the +4 whip "Vip Deur" {spect, rN+ MP+9}
  5012 | D:5      | Entered Level 5 of the Dungeon
  5630 | D:5      | Reached skill level 7 in Unarmed Combat
  6122 | D:5      | Reached skill level 5 in Transmutations
  6280 | D:6      | Reached XP level 8. HP: 45/56 MP: 9/9
  6309 | D:6      | Reached skill level 8 in Unarmed Combat
  6891 | D:6      | Reached skill level 9 in Unarmed Combat
  6966 | D:6      | Found an ancient bone altar of Kikubaaqudgha.
  7231 | D:6      | Found a sacrificial altar of Ru.
  7583 | D:6      | Found a staircase to the Ecumenical Temple.
  7595 | D:6      | Reached skill level 10 in Unarmed Combat
  7595 | D:6      | Gained mutation: You have a small tail. [demonic ancestry]
  7595 | D:6      | Reached XP level 9. HP: 55/61 MP: 10/10
  7603 | Temple   | Entered the Ecumenical Temple
  7652 | Temple   | Prayed at the altar of an unknown god.
  7652 | Temple   | Became a worshipper of Jiyva Jicken the Shapeless
  7652 | Temple   | Reached * piety under Jiyva
  7834 | D:7      | Found a basalt altar of Yredelemnul.
  7834 | D:7      | Found a stormy altar of Qazlal.
  7871 | D:7      | Found a hide-covered altar of Uskayaw.
  7913 | D:7      | Reached ** piety under Jiyva
  7958 | D:7      | Reached skill level 1 in Armour
  8150 | D:7      | Reached *** piety under Jiyva
  8176 | D:7      | Gained mutation: You have supernaturally acute eyesight.
                  | (SInv) [Jiyva's grace]
  8176 | D:7      | Gained mutation: You have hoof-like feet. [Jiyva's grace]
  8176 | D:7      | Gained mutation: You have hooves in place of feet. [Jiyva's
                  | grace]
  8176 | D:7      | Gained mutation: Your flesh is heat resistant. (rF+)
                  | [Jiyva's grace]
  8477 | D:7      | Found an iron altar of Okawaru.
  8793 | D:8      | Found a shimmering altar of Xom.
  8819 | D:8      | Noticed Erica
  8837 | D:8      | Found an ornate altar of the Wu Jian Council.
  8855 | D:8      | Killed Erica
  8856 | D:8      | Reached skill level 11 in Unarmed Combat
  8940 | D:8      | Reached **** piety under Jiyva
  9039 | D:8      | Found an ornate altar of the Wu Jian Council.
  9064 | D:8      | Reached XP level 10. HP: 58/72 MP: 11/11
  9102 | D:8      | Found a staircase to the Lair.
  9308 | D:9      | Noticed a two-headed ogre
  9318 | D:9      | Killed a two-headed ogre
  9460 | D:9      | Identified a scroll of acquirement
  9460 | D:9      | Acquired the ring of Wishful Thinking {Ice rElec Str+6
                  | Int-2 SInv}
  9501 | D:9      | Reached skill level 5 in Fighting
  9754 | D:9      | Reached skill level 12 in Unarmed Combat
  9816 | D:9      | Reached ***** piety under Jiyva
  9895 | D:9      | Found Ziadyme's Assorted Antiques.
  9906 | D:9      | Bought a crooked silver wand for 100 gold pieces
  9906 | D:9      | Bought a scroll labelled OFFE NAMUFO for 25 gold pieces
 10363 | D:9      | Noticed a two-headed ogre
 10369 | D:9      | Killed a two-headed ogre
 10571 | D:10     | Entered Level 10 of the Dungeon
 10588 | D:10     | Reached XP level 11. HP: 65/81 MP: 12/12
 10609 | D:10     | Reached skill level 5 in Armour
 10653 | D:10     | Found a staircase to the Orcish Mines.
 10894 | D:10     | Reached skill level 13 in Unarmed Combat
 11048 | D:10     | Found an ancient bone altar of Kikubaaqudgha.
 11177 | D:10     | Lost mutation: You have supernaturally acute eyesight.
                  | (SInv) [Jiyva's grace]
 11177 | D:10     | Lost mutation: Your flesh is heat resistant. (rF+) [Jiyva's
                  | grace]
 11177 | D:10     | Gained mutation: Your melee attacks may engulf your foes in
                  | ooze. [Jiyva's grace]
 11177 | D:10     | Gained mutation: Your flesh is cold resistant. (rC+)
                  | [Jiyva's grace]
 11177 | D:10     | Gained mutation: Your flesh is very cold resistant. (rC++)
                  | [Jiyva's grace]
 11177 | D:10     | Gained mutation: Your flesh is almost immune to the effects
                  | of cold. (rC+++) [Jiyva's grace]
 11211 | D:10     | Gained mutation: You are partially covered in sharp spines.
                  | [demonic ancestry]
 11211 | D:10     | Reached XP level 12. HP: 27/91 MP: 13/13
 11251 | D:10     | Reached skill level 14 in Unarmed Combat
 11514 | D:10     | Found an opulent altar of Gozag.
 11622 | D:10     | Found a large runed translucent door.
 11622 | D:10     | Found a large runed translucent door.
 11664 | D:11     | Learned a level 5 spell: Blade Hands
 12385 | D:12     | Reached skill level 15 in Unarmed Combat
 12431 | D:12     | Noticed a tengu reaver
 12434 | D:12     | Killed from afar by a tengu reaver

Illustrated notes

Levels and vault maps discovered:
D:1:      dpeg_arrival_circle_labyrinth_c, layout_basic
D:2:      layout_rooms, serial_co_window_serial, co_window_corner_a,
          co_window_paths_b, co_window_paths_a, co_window_paths_a,
          co_window_of_opportunity_a, co_window_corner_b, co_window_2corner,
          co_window_of_opportunity_b, co_window_of_opportunity_b,
          co_window_of_opportunity_b, co_window_unsneaky_path_e,
          co_window_4corner_b, glass_columns_c,
          hellmonk_ecumenical_altar_lost_god
D:3:      layout_rooms, serial_rivers, chequers_serial_rivers_small_b,
          chequers_serial_rivers_room_a, chequers_serial_rivers_room_b,
          chequers_serial_rivers_micro_c
D:4:      cheibrodos_thug_alley, layout_rooms, trog_ov_bears_minmay,
          serial_rivers, chequers_serial_rivers_room_b,
          chequers_serial_rivers_micro_d, chequers_serial_rivers_micro_b,
          chequers_serial_rivers_large_b, chequers_serial_rivers_room_b,
          chequers_serial_rivers_micro_c, corexii_corridor_pit, st_stairs_1,
          uniq_robin
D:5:      layout_cave_pods, corner_web_ring
D:6:      minmay_general_purpose_star, layout_rooms, hangedman_ru_absence,
          nicolae_kikubaaqudgha_miasma_corner, minmay_temple_entry_glassed_door,
          serial_undead, serial_undead_f, serial_undead_e, serial_undead_c,
          serial_undead_e
D:7:      layout_basic, okawaru_ov_weapons_minmay, nicolae_uskayaw_dance_hall,
          grunt_temple_overflow_open
D:8:      layout_gridville, mainiacjoe_overflow_catwalk, lair_entry_dummy,
          serial_demonic, serial_demonic_b, serial_demonic_a, serial_demonic_d,
          serial_demonic_g, serial_demonic_b, serial_demonic_a,
          hangedman_feature_mirror, uniq_maggie, uniq_erica
D:9:      layout_basic, marbit_many_paths, serial_shops, shop
D:10:     lemuel_vampire_tower, layout_loops_ring,
          grunt_temple_overflow_gold_and_silver, tso_metal_star, orc_0_dummy,
          special_room [special_room_bee], lightli_elemental_guards
D:11:     minmay_goldmine, layout_basic, minmay_holes
D:12:     nzn_winding_woodlands_medium [nzn_winding_woodlands_5x5_cross,
          nzn_winding_woodlands_5x15_longhouse,
          nzn_winding_woodlands_5x5_perimeter,
          nzn_winding_woodlands_5x5_open_star,
          nzn_winding_woodlands_center_pierced_h,
          nzn_winding_woodlands_5x5_default,
          nzn_winding_woodlands_5x5_closed_star,
          nzn_winding_woodlands_5x15_default, nzn_winding_woodlands_hourglass],
          layout_basic, hex_intersection
Temple:   chequers_temple_sunken

Skill      XL: |  1  2  3  4  5  6  7  8  9 10 11 12 |
---------------+-------------------------------------+-----
Fighting       | 2 4 5 7 9 |  9.3
Unarmed Combat | 1 3 4 5 6 7 10 11 12 13 15 | 15.1
Transmutations | 4 5 6 7 8 9 |  9.0
Armour         | 3 4 5 |  5.0
Dodging        | |  1.0
Stealth        | |  1.0
Spellcasting   | |  1.0
Conjurations   | |  1.0
Evocations     | |  1.0

Action                   |  1- 3 |  4- 6 |  7- 9 | 10-12 || total
-------------------------+-------+-------+-------+-------++-------
Melee: Dagger            |    23 |     1 |       |       ||    24
       Short sword       |    36 |       |       |       ||    36
       Touch             |    10 |     1 |     4 |    91 ||   106
       Unarmed           |     2 |       |    34 |   459 ||   495
       Quarterstaff      |    13 |    78 |   216 |       ||   307
       Kick              |       |       |    55 |   163 ||   218
       Tailslap          |       |       |    16 |    65 ||    81
       Punch             |       |       |     1 |    37 ||    38
Throw: Dart              |       |     1 |     1 |     8 ||    10
 Cast: Sting             |    20 |    12 |     2 |     1 ||    35
       Wereblood         |       |     1 |     8 |    15 ||    24
       Blade Hands       |       |       |       |     3 ||     3
Evoke: Wand              |       |       |     4 |       ||     4
  Use: Potion            |       |       |     6 |       ||     6
       Scroll            |       |       |       |     9 ||     9
 Stab: Sleeping          |     5 |       |       |       ||     5
       Distracted        |       |     1 |       |       ||     1
       Invisible         |       |       |     1 |       ||     1
Armor: Robe              |    23 |    11 |       |       ||    34
       Ring mail         |       |    12 |   119 |    41 ||   172
       Skin              |       |       |     9 |       ||     9
       Acid dragon scale |       |       |       |    77 ||    77
Dodge: Dodged            |    45 |    50 |   173 |   284 ||   552

Table legend: (Time is in decaauts)
 A = Elapsed time spent in this place.
 B = Non-inter-level travel time spent in this place.
 C = Inter-level travel time spent in this place.
 D = Time resting spent in this place.
 E = Time spent auto-exploring this place.
 F = Levels seen in this place.
 G = Mean time per level.
                   A        B        C        D        E       F      G
               +--------+--------+--------+--------+--------+-----+--------+
         Total |  12478 |  11842 |    636 |   1829 |   7819 |  13 |  959.8 |
       Dungeon |  12393 |  11783 |    610 |   1829 |   7800 |  12 | 1032.8 |
        Temple |     84 |     58 |     26 |      0 |     19 |   1 |   84.0 |
               +--------+--------+--------+--------+--------+-----+--------+

Top non-repeatable levels by time:
     D:4: 1944 daAuts
     D:5: 1665 daAuts
     D:1: 1285 daAuts
     D:9: 1265 daAuts
    D:10: 1034 daAuts
     D:3: 1001 daAuts
     D:6: 991 daAuts
     D:2: 969 daAuts
     D:7: 850 daAuts
    D:11: 672 daAuts
     D:8: 633 daAuts
  Temple: 84 daAuts
    D:12: 78 daAuts
